 Dungeon Crawl Stone Soup version 0.31-a0-188-g5e087ee2ca (webtiles) character file.

Game seed: 14079537434833567776

80 qw the Shooter (level 4, -6/25 HPs)
             Began as a Deep Elf Hunter on June 23, 2023.
             Mangled by Terence
             ... wielding a +0 mace
              (8 damage)
             ... on level 3 of the Dungeon.
             The game lasted 00:00:30 (1643 turns).

qw the Shooter (Deep Elf Hunter)                    Turns: 1643, Time: 00:00:31

Health: -6/25      AC:  5    Str: 10    XL:     4   Next: 18%
Magic:  6/6        EV: 11    Int: 14    God:
Gold:   139        SH:  0    Dex: 18    Spells: 3/3 levels left

rFire   . . .        Y - +0 orcbow
rCold   . . .        (shield currently unavailable)
rNeg    . . .        g - +0 ring mail
rPois   .            (no helmet)
rElec   .            (no cloak)
rCorr   .            (no gloves)
SInv    .            (no boots)
Will    .....        (no amulet)
Stlth   +            (no ring)
HPRegen 0.24/turn    (no ring)
MPRegen 0.10/turn

%: no passive effects
@: no status effects
A: noise suppression
a: no special abilities


You were on level 3 of the Dungeon.
You visited 1 branch of the dungeon, and saw 3 of its levels.

You collected 139 gold pieces.


Innate Abilities, Weirdness & Mutations

You passively dampen the noise of your surroundings.


   Skills:
 - Level 1.5 Fighting
 + Level 7.6 Ranged Weapons
 - Level 2.4 Dodging
 - Level 1.2 Stealth


You had 3 spell levels left.
You didn't know any spells.
Your spell library was empty.

Inventory:

Hand Weapons
 Y - a +0 orcbow (weapon)
Armour
 g - a +0 ring mail (worn)
Potions
 e - a potion of mutation

Dungeon Overview and Level Annotations

Branches:
Dungeon (3/15)

Altars:

Annotations:
D:3 Terence


Message History

Found a spear.
Found a dagger.
Terence the Incautious comes into view.
He is wielding a +0 mace.
Found a scroll labelled RILOGHUPIAQ.
Terence shouts!
You shoot an arrow. The arrow closely misses Terence.
You shoot an arrow. The arrow barely misses Terence.
You shoot an arrow. The arrow closely misses Terence.
You shoot an arrow.
The arrow hits Terence but does no damage.
Terence hits you with a +0 mace.
You shoot an arrow.
The arrow hits Terence but does no damage.
Terence hits you with a +0 mace.
You shoot an arrow. The arrow closely misses Terence.
Terence looks scornfully at you. Terence closely misses you.
You shoot an arrow.
The arrow hits Terence but does no damage.
Terence closely misses you.
You shoot an arrow. The arrow hits Terence.
Terence is moderately wounded.
Terence hits you with a +0 mace. Terence hits you but does no damage.
You shoot an arrow. The arrow closely misses Terence.
Terence barely misses you.
You shoot an arrow. The arrow barely misses Terence.
Terence hits you with a +0 mace.
You shoot an arrow. The arrow completely misses Terence.
Terence hits you with a +0 mace. x2
You shoot an arrow. The arrow hits Terence!
Terence is severely wounded.
Terence barely misses you.
You shoot an arrow. The arrow barely misses Terence.
Terence hits you with a +0 mace!
You shoot an arrow. The arrow closely misses Terence.
Terence barely misses you.
You shoot an arrow. The arrow hits Terence.
Terence is severely wounded.
Terence hits you with a +0 mace!
You die...

#....# #.#..#
#.#..# #.#..#
#.#..# #....#
###....#
#######...####
.......@%##
.......@.#
.).......#
.........#
.........#
.........#
...).....#
......?..#


You could see Terence.

Vanquished Creatures
  4 adders
  A dart slug (D:1)
  4 ball pythons
  3 endoplasms
  5 giant cockroaches
  A goblin (D:1)
  7 hobgoblins
  2 jackals (D:1)
  3 kobolds (D:1)
  A quokka (D:1)
  3 bats
  A frilled lizard (D:2)
  3 rats (D:1)
38 creatures vanquished.

Notes
Turn   | Place    | Note
-------+----------+-------------------------------------------
     0 | D:1      | qw the Deep Elf Hunter began the quest for the Orb.
     0 | D:1      | Reached XP level 1. HP: 12/12 MP: 3/3
     0 | D:1      | 0 ||| qw: Version: 0.3-a-9-g12657ce
     0 | D:1      | 0 ||| qw: Game counter: 3635
     0 | D:1      | 0 ||| qw: Always use a shield: true
     0 | D:1      | 0 ||| qw: God list: Okawaru
     0 | D:1      | 0 ||| qw: Allow faded altars: false
     0 | D:1      | 0 ||| qw: Do Orc after D:15 true
     0 | D:1      | 0 ||| qw: Do second Lair branch before Depths: true
     0 | D:1      | 0 ||| qw: Lair rune preference: random
     0 | D:1      | 0 ||| qw: Plans: Normal
     0 | D:1      | 0 ||| PLANNING D:1-11
   151 | D:1      | 151 ||| Stepping ~*~*~tactically~*~*~ (outnumbered).
   153 | D:1      | 153 ||| Stepping ~*~*~tactically~*~*~ (outnumbered).
   157 | D:1      | Reached skill level 6 in Ranged Weapons
   157 | D:1      | Reached XP level 2. HP: 16/16 MP: 4/4
   856 | D:1      | 856 ||| READING scroll labelled DUM WIJIMUQ.
   857 | D:1      | 857 ||| DROPPING scroll of butterflies.
   948 | D:2      | Reached XP level 3. HP: 20/20 MP: 5/5
  1082 | D:2      | Reached skill level 7 in Ranged Weapons
  1281 | D:2      | 1281 ||| SWAPPING to +0 orcbow.
  1282 | D:2      | 1282 ||| DROPPING +0 shortbow.
  1540 | D:2      | 1540 ||| UPGRADING to +0 ring mail.
  1550 | D:2      | 1550 ||| DROPPING +0 leather armour.
  1551 | D:2      | 1551 ||| READING scroll labelled FUSUOKUYSUE.
  1552 | D:2      | 1552 ||| READING scroll labelled BYMETHR ROLY.
  1553 | D:2      | 1553 ||| DRINKING 2 ruby potions.
  1554 | D:2      | 1554 ||| DRINKING 2 glowing black potions.
  1554 | D:2      | Gained mutation: You passively dampen the noise of your
                  | surroundings. [potion of mutation]
  1555 | D:2      | 1555 ||| DROPPING potion of brilliance.
  1591 | D:3      | Reached XP level 4. HP: 25/25 MP: 6/6
  1628 | D:3      | Noticed Terence
  1641 | D:3      | HP: 1/25 [Terence/+0 mace (8)]
  1643 | D:3      | Mangled by Terence

Levels and vault maps discovered:
D:1:      lightli_arrival_flooded_house, layout_basic
D:2:      layout_loops_ring
D:3:      layout_basic, uniq_terence

Skill      XL: |  1  2  3 |
---------------+----------+-----
Ranged Weapons | 6 7 |  7.6
Fighting       | |  1.5
Dodging        | |  2.4
Stealth        | |  1.2

Action                     |  1- 3 |  4- 6 || total
---------------------------+-------+-------++-------
   Fire: Shortbow          |    91 |       ||    91
         Orcbow            |    10 |    24 ||    34
    Use: Scroll            |     3 |       ||     3
         Potion            |     2 |       ||     2
 Armour: Leather armour    |    14 |       ||    14
         Ring mail         |       |     3 ||     3
  Dodge: Dodged            |    14 |     6 ||    20

Table legend:
 A = Non-vault XP
 B = Vault XP
 C = Vault XP percentage of total XP
 D = Non-vault monster count
 E = Vault monster count
 F = Vault count percentage of total count
                 A         B        C        D         E       F
            +---------+---------+-------+---------+---------+-------
      Total |     115 |       0 |   0.0 |      38 |       0 |   0.0
            +---------+---------+-------+---------+---------+-------
        D:1 |      40 |       0 |   0.0 |      22 |       0 |   0.0
        D:2 |      55 |       0 |   0.0 |      12 |       0 |   0.0
        D:3 |      20 |       0 |   0.0 |       4 |       0 |   0.0
            +---------+---------+-------+---------+---------+-------
